 Dungeon Crawl Stone Soup version 0.29-a0-337-g68df138881 (webtiles) character file.

Game seed: 1256983006589087617

604 garrulousMonolith the Digger (level 7, -9/40 HPs)
             Began as a Gargoyle Earth Elementalist on Apr 16, 2022.
             Mangled by an ogre
             ... wielding a +0 giant club
              (21 damage)
             ... on level 5 of the Dungeon.
             The game lasted 00:04:36 (2895 turns).

garrulousMonolith the Digger (GrEE)                 Turns: 2895, Time: 00:04:36

Health: -9/40      AC:  8    Str: 11    XL:     7   Next: 42%
Magic:  0/11       EV: 12    Int: 18    God:
Gold:   150        SH:  0    Dex: 10    Spells: 6/12 levels left

rFire   . . .      SeeInvis .   a - +0 spear
rCold   . . .      Faith    .   (no shield)
rNeg    + . .      Spirit   .   r - +0 leather armour
rPois   ∞          Reflect  .   (no helmet)
rElec   +          Harm     .   A - +0 cloak
rCorr   .          Rampage  .   (no gloves)
Will    .....                   (no boots)
Stlth   ++........              (no amulet)
HPRegen 0.13/turn               (no ring)
MPRegen 0.12/turn               (no ring)

@: no status effects
A: sickness immunity, AC +4, negative energy resistance 1, electricity
resistance, torment resistance 1, petrification resistance
a: no special abilities


You were on level 5 of the Dungeon.
You visited 1 branch of the dungeon, and saw 5 of its levels.

You collected 150 gold pieces.

Inventory:

Hand Weapons
 a - a +0 spear (weapon)
 b - a +0 hunting sling
 v - a +4 shortbow of flaming
Missiles
 e - 25 stones
 q - 3 boomerangs
Armour
 r - a +0 leather armour (worn)
 t - a +0 robe
 A - a +0 cloak (worn)
Jewellery
 s - a ring of fire
Wands
 y - a wand of iceblast (9)
Scrolls
 f - a scroll of enchant weapon {unknown}
 h - 2 scrolls of fog
 j - 2 scrolls of immolation {unknown}
 k - a scroll of noise {unknown}
 l - 3 scrolls of identify
 m - a scroll of silence {unknown}
 p - a scroll of magic mapping {unknown}
 u - 2 scrolls of blinking {unknown}
 w - a scroll of amnesia {unknown}
 x - a scroll of teleportation {unknown}
 z - a scroll of enchant armour {unknown}
Potions
 c - 3 potions of magic
 d - a potion of might
 g - 4 potions of curing
 i - 2 potions of mutation
 n - a potion of heal wounds {unknown}
 o - a potion of ambrosia {unknown}


   Skills:
 + Level 2.9 Fighting
 + Level 2.8 Dodging
 - Level 2.1 Stealth
 + Level 3.1 Spellcasting
 * Level 4.2 Conjurations
 - Level 1.0 Transmutations
 * Level 6.1 Earth Magic


You had 6 spell levels left.
You knew the following spells:

 Your Spells              Type           Power      Damage    Failure   Level
a - Sandblast             Erth           50%        2d12      1%          1
b - Stone Arrow           Conj/Erth      42%        3d9       8%          3
c - Passwall              Tmut/Erth      12%        N/A       8%          2

Your spell library contained the following spells:

 Spells                   Type           Power      Damage    Failure   Level
 Petrify                  Tmut/Erth      15%        N/A       43%         4


Dungeon Overview and Level Annotations

Branches:
Dungeon (6/15)
 Temple: D:4-7

Altars:


Innate Abilities, Weirdness & Mutations

You are immune to sickness and miasma.
Your stone body is resilient. (AC +4)
You are immune to poison.
You resist negative energy. (rN+)
You are resistant to electric shocks. (rElec)
You are resistant to unholy torment.
You are immune to petrification.


Message History

The ogre shouts!
Casting: Stone Arrow (dangerous; 8% risk of failure)
Confirm with . or Enter, or press ? or * to list all spells.
Aiming: Stone Arrow (dangerous; 8% risk of failure)
Press: ? - help, Shift-Dir - straight line, f - ogre
Aim: an ogre, wielding a +0 giant club (86% to hit)
The stone arrow hits the ogre!
The ogre is heavily wounded.
Casting: Stone Arrow (dangerous; 8% risk of failure)
Confirm with . or Enter, or press ? or * to list all spells.
You don't have enough magic to cast this spell.
Casting: Stone Arrow (dangerous; 8% risk of failure)
Confirm with . or Enter, or press ? or * to list all spells.
You don't have enough magic to cast this spell.
Aiming: Iceblast
Press: ? - help, Shift-Dir - straight line, f/p - ogre
Aim: an ogre, wielding a +0 giant club (heavily wounded)
The mass of ice explodes!
The iceblast engulfs the ogre.
The ogre is severely wounded.
You hear a shout!
You hit the ogre.
The ogre is severely wounded.
The ogre barely misses you.
You hit the ogre.
The ogre is almost dead.
You closely miss the ogre.
The ogre is almost dead.
The ogre hits you with a +0 giant club!!
Ouch! That really hurt!
* * * LOW HITPOINT WARNING * * *
An ogre comes into view. It is wielding a +0 giant club.
Casting: Stone Arrow (dangerous; 8% risk of failure)
Confirm with . or Enter, or press ? or * to list all spells.
Aiming: Sandblast (safe; 1% risk of failure)
Press: ? - help, Shift-Dir - straight line, f/p - ogre
Aim: an ogre, wielding a +0 giant club (almost dead, 91% to hit)
The blast of sand misses the ogre.
The ogre hits you with a +0 giant club!!
Ouch! That really hurt!
You die...

...........##..#.........###.
.........#..#................
.........#....#...####.#...†.
.........#....#.....####.....
........####.....#.## #......
................##.## ##.....
................##..# #....#
................?...# ...###
............@O...#... ....#
####...................####
##.<.........#.....
#..........## .#..
#........### # . ...O......#
....##.....# ...# .....##


You could see 2 ogres.

Vanquished Creatures
  Sigmund (D:6)
  A centaur (D:6)
  A phantom (D:5)
  A scorpion (D:6)
  A necrophage (D:6)
  A howler monkey (D:6)
  Crazy Yiuf (D:5)
  5 adders
  A dart slug (D:2)
  7 orcs
  4 endoplasms
  A giant cockroach (D:1)
  5 goblins
  3 hobgoblins
  5 quokkas
  4 ball pythons
  5 bats
  6 frilled lizards
  4 kobolds
  5 rats
62 creatures vanquished.

Notes
Turn   | Place    | Note
-------+----------+-------------------------------------------
     0 | D:1      | garrulousMonolith the Gargoyle Earth Elementalist began the
                  | quest for the Orb.
     0 | D:1      | Reached XP level 1. HP: 10/10 MP: 3/3
   311 | D:1      | Reached XP level 2. HP: 15/15 MP: 3/5
   393 | D:1      | Found a faded altar of an unknown god.
   662 | D:1      | Reached skill level 1 in Conjurations
   662 | D:1      | Reached skill level 4 in Earth Magic
   742 | D:1      | Reached skill level 1 in Transmutations
   955 | D:2      | Reached XP level 3. HP: 20/20 MP: 6/6
   959 | D:2      | Learned a level 3 spell: Stone Arrow
   962 | D:2      | Learned a level 2 spell: Passwall
  1567 | D:3      | Reached skill level 1 in Fighting
  1791 | D:3      | Reached XP level 4. HP: 25/25 MP: 4/7
  2235 | D:3      | You fall into a shaft and drop 3 floors!
  2359 | D:6      | Noticed Sigmund
  2364 | D:6      | Killed Sigmund
  2365 | D:6      | Reached skill level 5 in Earth Magic
  2365 | D:6      | Reached XP level 5. HP: 30/30 MP: 3/8
  2365 | D:6      | Reached XP level 6. HP: 35/35 MP: 3/9
  2648 | D:6      | Reached XP level 7. HP: 35/40 MP: 8/11
  2711 | D:5      | Entered Level 5 of the Dungeon
  2746 | D:5      | Reached skill level 6 in Earth Magic
  2767 | D:5      | Found a runed translucent door.
  2768 | D:5      | Noticed Crazy Yiuf
  2774 | D:5      | Killed Crazy Yiuf
  2895 | D:5      | Mangled by an ogre

Illustrated notes

Levels and vault maps discovered:
D:1:      zelgadis_glass_arrival_small, layout_loops_cross,
          basic_ecumenical_altar
D:2:      layout_basic, serial_bayou_pond_a
D:3:      minmay_recursive_quarters, layout_basic, gammafunk_ghost_necromancy,
          serial_park_tiny_2, kennysheep_jessica_study
D:5:      layout_cave_pools, nicolae_qazlal_scattered_showers,
          cheibrodos_sewer_entry_bend, uniq_crazy_yiuf_cottage
D:6:      layout_loops_ring, ebering_ghost_disaster_area, uniq_sigmund,
          uniq_grinder

Skill      XL: |  1  2  3  4  5  6  7 |
---------------+----------------------+-----
Conjurations   | 1 3 4 |  4.2
Earth Magic    | 4 5 6 |  6.1
Transmutations | 1 |  1.0
Fighting       | 1 2 |  2.9
Dodging        | 2 |  2.8
Spellcasting   | 3 |  3.1
Stealth        | |  2.1

Action                   |  1- 3 |  4- 6 |  7- 9 || total
-------------------------+-------+-------+-------++-------
Melee: Spear             |    61 |    39 |     4 ||   104
       Punch             |       |     1 |       ||     1
 Fire: Hunting sling     |       |    15 |       ||    15
       Shortbow          |       |    10 |       ||    10
 Cast: Sandblast         |    30 |    25 |     5 ||    60
       Stone Arrow       |       |       |     7 ||     7
Evoke: Wand              |       |       |     1 ||     1
  Use: Scroll            |     5 |       |       ||     5
 Stab: Sleeping          |     3 |       |       ||     3
Armor: Robe              |    23 |       |       ||    23
       Leather armour    |       |    29 |     1 ||    30
Dodge: Dodged            |    50 |    38 |     4 ||    92

Table legend: (Time is in decaauts)
 A = Elapsed time spent in this place.
 B = Non-inter-level travel time spent in this place.
 C = Inter-level travel time spent in this place.
 D = Time resting spent in this place.
 E = Time spent auto-exploring this place.
 F = Levels seen in this place.
 G = Mean time per level.
                   A        B        C        D        E       F      G
               +--------+--------+--------+--------+--------+-----+--------+
         Total |   2902 |   2842 |     60 |    518 |   1770 |   5 |  580.4 |
       Dungeon |   2902 |   2842 |     60 |    518 |   1770 |   5 |  580.4 |
               +--------+--------+--------+--------+--------+-----+--------+

Top non-repeatable levels by time:
     D:1: 883 daAuts
     D:3: 716 daAuts
     D:2: 649 daAuts
     D:6: 481 daAuts
     D:5: 172 daAuts
